 Dungeon Crawl Stone Soup version 0.31-a0-1469-gd420192249 (webtiles) character file.

Game seed: 8533660931558187081

94 Aldia the Sneak (level 4, 20/20 (23) HPs)
             Began as a Vine Stalker Brigand on Dec 28, 2023.
             Was an Initiate of Okawaru.
             Quit the game on level 2 of the Dungeon.
             The game lasted 00:05:37 (1139 turns).

Aldia the Sneak (Vine Stalker Brigand)              Turns: 1139, Time: 00:05:38

HP:   20/20 (23)    AC:  4    Str: 13    XL:     4   Next: 63%
MP:   5/5           EV: 12    Int: 11    God:    Okawaru [......]
Gold: 150           SH:  0    Dex: 18    Spells: 3/3 levels left

rFire   . . .        i - +2 dagger (drain)
rCold   . . .        (no shield)
rNeg    . . .        o - +0 leather armour
rPois   .            (no helmet)
rElec   .            c - +0 cloak
rCorr   .            (no gloves)
SInv    .            (no boots)
Will    .....        (no amulet)
Stlth   +++          (no ring)
HPRegen 1.03/turn    (no ring)
MPRegen 0.09/turn

%: guardian spirit
@: heavily drained
A: fangs 2, regeneration 1, magic shield, antimagic bite, no potion heal 2
a: Renounce Religion


You were on level 2 of the Dungeon.
You worshipped Okawaru.
Okawaru was noncommittal.
You visited 1 branch of the dungeon, and saw 2 of its levels.

You collected 150 gold pieces.

Inventory:

Hand Weapons
 a - a +2 dagger
 i - a +2 dagger of draining (weapon)
 q - the +10 dagger of the Four Yaks {protect, *Corrode Str+2 Int+5 Dex+3}
   (You found it on level 2 of the Dungeon)

   Str+2:     It affects your strength (+2).
   Int+5:     It affects your intelligence (+5).
   Dex+3:     It affects your dexterity (+3).
   *Corrode:  It may corrode you when you take damage.
Missiles
 d - 9 poisoned darts (quivered)
 e - 2 curare-tipped darts
Armour
 b - a +0 robe
 c - a +0 cloak (worn)
 o - a +0 leather armour (worn)
Scrolls
 f - a scroll of acquirement {unknown}
 l - 2 scrolls of enchant armour {unknown}
 n - a scroll of fear {unknown}
 s - a scroll of vulnerability {unknown}
Potions
 g - 2 potions of invisibility
 h - a potion of haste {unknown}
 j - 3 potions of curing
 k - a potion of attraction {unknown}
 m - a potion of brilliance {unknown}
 p - 3 potions of berserk rage {unknown}
 r - a potion of might {unknown}


   Skills:
 + Level 2.4 Fighting
 * Level 3.0 Short Blades
 - Level 1.7 Throwing
 + Level 1.6 Dodging
 + Level 5.4 Stealth


You had 3 spell levels left.
You didn't know any spells.
Your spell library contained the following spells:

 Spells                   Type           Power      Damage    Failure   Level
 Fugue of the Fallen      Necr           0%         N/A       80%         3
 Ozocubu's Armour         Ice            0%         N/A       80%         3
 Manifold Assault         Tloc           0%         N/A       99%         4


Dungeon Overview and Level Annotations

Branches:
Dungeon (2/15)

Altars:
Okawaru


Innate Abilities, Weirdness & Mutations

You have extremely sharp teeth.
Your natural rate of healing is unusually fast.
When hurt, damage is shared between your health and your magic reserves.
Your bite disrupts and absorbs the magic of your enemies.
Potions cannot restore your health.


Message History

q - the +10 dagger of the Four Yaks {protect, *Corrode Str+2 Int+5 Dex+3}
p - 3 viscous coppery potions (gained 1)
r - a fuming ruby potion An endoplasm comes into view.
An endoplasm is nearby!
The endoplasm quivers.
You hit the endoplasm. You bite the endoplasm.
You kill the endoplasm!
Okawaru accepts your kill.
Your Short Blades skill increases to level 3!
No target in view!
No target in view!
No target in view!
A bat comes into view.
The bat moves out of view.
Found 11 gold pieces and a book of Battle.
The bat closely misses you.
A bat is nearby!
You hit the bat but do no damage. You drain the bat.
The bat is severely wounded.
The bat completely misses you. The bat closely misses you. The bat hits you.
You hit the bat.
You kill the bat!
Okawaru accepts your kill.
No target in view!
No target in view!
You now have 150 gold pieces (gained 11).
You pick up a book of Battle and begin reading...
You add the spells Fugue of the Fallen, Ozocubu's Armour and Manifold Assault to your library.
s - a scroll labelled JOUPNYA OSEAGU
Okay, then.
Unknown command.
There is an escape hatch in the floor here.
You see here a jackal corpse.
An endoplasm comes into view.
An endoplasm is nearby!
An endoplasm is nearby!
An endoplasm is nearby!
Are you sure you want to abandon this character and quit the game? (Confirm with "yes".)

..###.## #...# ..#
#..### ###.## ..#
##...# #..## ..#
###.######..# ..##
#...%.....#.#
...###.........#.#
...............#.#
##.............#.#
####...........#@#
....##.........#.#
###.##.........#..
#. .......#####..
..## ###.....# ...
.....# ##.... ....
...... .....
...... .J....
......


You could see an endoplasm (asleep).

Vanquished Creatures
  Terence (D:2)
  A worm (D:2)
  A dart slug (D:1)
  4 ball pythons (D:1)
  6 endoplasms
  4 giant cockroaches
  4 goblins
  5 hobgoblins
  4 jackals (D:2)
  5 kobolds (D:2)
  8 quokkas
  4 bats
  5 frilled lizards
  5 rats
57 creatures vanquished.

Notes
Turn   | Place    | Note
-------+----------+-------------------------------------------
     0 | D:1      | Aldia the Vine Stalker Brigand began the quest for the Orb.
     0 | D:1      | Reached XP level 1. HP: 11/11 MP: 2/2
    81 | D:1      | Reached skill level 1 in Dodging
    81 | D:1      | Reached XP level 2. HP: 15/15 MP: 3/3
    86 | D:1      | Reached skill level 5 in Stealth
   310 | D:1      | Reached XP level 3. HP: 18/18 MP: 4/4
   617 | D:2      | Noticed Terence
   632 | D:2      | Killed Terence
   633 | D:2      | Reached XP level 4. HP: 12/23 MP: 1/5
   730 | D:2      | Found an iron altar of Okawaru.
   737 | D:2      | Became a worshipper of Warmaster Okawaru
  1031 | D:2      | Identified the +10 dagger of the Four Yaks {protect,
                  | *Corrode Str+2 Int+5 Dex+3}
  1139 | D:2      | Quit the game

Illustrated notes

Levels and vault maps discovered:
D:1:      dpeg_arrival_round_b, layout_basic
D:2:      minmay_door_path, layout_rooms, basic_altar, uniq_terence

Skill      XL: |  1  2  3  4 |
---------------+-------------+-----
Short Blades   | 2 3 |  3.0
Dodging        | 1 |  1.6
Fighting       | 2 |  2.4
Stealth        | 5 |  5.4
Throwing       | |  1.7

Action                     |  1- 3 |  4- 6 || total
---------------------------+-------+-------++-------
  Melee: Dagger            |    78 |    57 ||   135
         Bite              |    15 |     9 ||    24
         Punch             |       |     2 ||     2
  Throw: Dart              |     4 |     3 ||     7
    Use: Scroll            |     2 |       ||     2
   Stab: Sleeping          |     7 |     2 ||     9
         Distracted        |     1 |       ||     1
 Armour: Robe              |    32 |     7 ||    39
         Leather armour    |       |    18 ||    18
         Skin              |       |     1 ||     1
  Dodge: Dodged            |    45 |    34 ||    79

Table legend: (Time is in decaauts)
 A = Elapsed time spent in this place.
 B = Non-inter-level travel time spent in this place.
 C = Inter-level travel time spent in this place.
 D = Time resting spent in this place.
 E = Time spent auto-exploring this place.
 F = Levels seen in this place.
 G = Mean time per level.
                   A        B        C        D        E       F      G
               +--------+--------+--------+--------+--------+-----+--------+
         Total |   1120 |   1092 |     28 |      0 |    729 |   2 |  560.0 |
       Dungeon |   1120 |   1092 |     28 |      0 |    729 |   2 |  560.0 |
               +--------+--------+--------+--------+--------+-----+--------+

Top non-repeatable levels by time:
     D:1: 594 daAuts
     D:2: 525 daAuts
